 Dungeon Sprint DCSS version 0.30.1 (webtiles) character file.

Game seed: 13190370814449104661

148 boopmooplesden the Trooper (level 5, -2/47 HPs)
             Began as a Demonspawn Berserker on July 8, 2023.
             Was a Believer of Trog.
             Killed from afar by an oklob sapling wizard (14 damage)
             ... with a splash of acid
             ... in the Dungeon (Sprint IV: "Fedhas' Mad Dash").
             The game lasted 00:00:54 (921 turns).

boopmooplesden the Trooper (Demonspawn Berserker)    Turns: 921, Time: 00:00:55

Health: -2/47      AC: -1    Str: 19    XL:     5   Next: 8%
Magic:  5/5        EV: 11    Int:  9    God:    Trog [**....]
Gold:   52         SH:  0    Dex: 12    Spells: 4/4 levels left

rFire   . . .        a - +0 spear
rCold   . . .        (no shield)
rNeg    . . .        i - +0 scale mail
rPois   .            (no helmet)
rElec   .            (no cloak)
rCorr   +            (no gloves)
SInv    .            (no boots)
Will    .....        k - amulet of invisibility {+Inv} Stlth
                     j - ring of resist corrosion
HPRegen 0.27/turn    (no ring)
MPRegen 0.09/turn

%: no teleportation
@: corroded, on berserk cooldown, slowed, very slow
A: hooves 2, demonic guardian 1
a: Renounce Religion, Evoke Invisibility, Berserk, Trog's Hand


You were in the Dungeon.
You worshipped Trog.
Trog was pleased with you.
You visited 1 branch You collected 52 gold pieces.

Inventory:

Hand Weapons
 a - a +0 spear (weapon)
Armour
 b - a +0 animal skin
 i - a +0 scale mail (worn)
Jewellery
 j - a ring of resist corrosion (left hand)
 k - the amulet of invisibility (around neck) {+Inv}
   (You found it in the Dungeon)

   [amulet of nothing]

   +Inv:      It lets you turn invisible.
Scrolls
 h - a scroll of blinking
Potions
 c - a potion of curing
 d - a potion of heal wounds
 e - a potion of haste
 f - 2 potions of magic
 g - a potion of berserk rage


   Skills:
 + Level 6.8 Fighting
 + Level 6.6 Polearms
 + Level 3.2 Armour
 + Level 3.7 Dodging
 + Level 0.5 Evocations


You had 4 spell levels left.
You didn't know any spells.
Your spell library was empty.

Dungeon Overview and Level Annotations

Branches:
Dungeon (1/1)

Altars:
Cheibriados
Dithmenos
Gozag
Hepliaklqana
Kikubaaqudgha
Makhleb
Nemelex Xobeh
Okawaru
Qazlal
Ru
Sif Muna
Trog
Uskayaw
Vehumet
Wu Jian
Xom
Yredelemnul
Jiyva
Lugonu

Annotations:
D exclusion: oklob sapling


Innate Abilities, Weirdness & Mutations

You have hoof-like feet.
A weak demonic guardian rushes to your aid.


Message History

There is an open door here.
You feel your anger nearly subside.
You hit the oklob sapling wizard. You kick the oklob sapling wizard.
The oklob sapling wizard is moderately damaged.
The oklob sapling wizard looks encouraged for a moment.
You hit the oklob sapling wizard. You kick the oklob sapling wizard.
The oklob sapling wizard is severely damaged.
You are no longer berserk.
You are exhausted.
You feel yourself slow down.
You hit the oklob sapling wizard but do no damage.
The oklob sapling wizard is severely damaged.
You hit the oklob sapling wizard but do no damage.
The oklob sapling wizard is severely damaged.
The oklob sapling wizard spits acid at you.
The splash of acid hits you! You resist.
You hit the oklob sapling wizard but do no damage.
You kick the oklob sapling wizard, but do no damage.
You punch the oklob sapling wizard, but do no damage.
The oklob sapling wizard is severely damaged.
You hit the oklob sapling wizard but do no damage.
You kick the oklob sapling wizard, but do no damage.
The oklob sapling wizard is severely damaged.
The oklob sapling wizard spits acid at you.
The splash of acid hits you! You resist. The acid corrodes you!
You hit the oklob sapling wizard.
The oklob sapling wizard is almost destroyed.
You hit the oklob sapling wizard but do no damage.
You punch the oklob sapling wizard, but do no damage.
The oklob sapling wizard is almost destroyed.
The oklob sapling wizard casts a cantrip, but nothing happens.
The oklob sapling wizard spits acid at you.
The splash of acid hits you! You resist.
* * * LOW HITPOINT WARNING * * *
You hit the oklob sapling wizard but do no damage.
You kick the oklob sapling wizard, but do no damage.
The oklob sapling wizard is almost destroyed.
The oklob sapling wizard spits acid at you.
The splash of acid hits you! You resist.
You die...

###################
.#.⌠._._._._.⌠.#.[+
.'.._._._._._..'@P#
.#..._._._._...#..#
##.._._._._._..#.=#
#._._._._._.⌠.####
###############


You could see an oklob sapling wizard.

Vanquished Creatures
  A scorpion (D)
  2 oklob saplings (D)
  A river rat (D)
  A rat (D)
5 creatures vanquished.

Notes
Turn   | Place    | Note
-------+----------+-------------------------------------------
     0 | D        | boopmooplesden the Demonspawn Berserker began the quest for
                  | the Orb.
     0 | D        | Reached XP level 1. HP: 18/18 MP: 1/1
    10 | D        | Gained mutation: You have large cloven feet. [demonic
                  | ancestry]
    10 | D        | Reached XP level 2. HP: 25/25 MP: 2/2
   149 | D        | Noticed an oklob sapling
   150 | D        | Killed an oklob sapling
   151 | D        | Gained mutation: You have hoof-like feet. [demonic
                  | ancestry]
   151 | D        | Reached XP level 3. HP: 32/32 MP: 3/3
   306 | D        | Noticed a scorpion
   306 | D        | Found the amulet of invisibility {+Inv}
   321 | D        | Killed a scorpion
   321 | D        | Reached ** piety under Trog
   322 | D        | Reached skill level 5 in Polearms
   322 | D        | Gained mutation: A weak demonic guardian rushes to your
                  | aid. [demonic ancestry]
   322 | D        | Reached XP level 4. HP: 14/40 MP: 4/4
   761 | D        | Found an opulent altar of Gozag.
   761 | D        | Found a hazy altar of Hepliaklqana.
   761 | D        | Found a snail-covered altar of Cheibriados.
   762 | D        | Found a viscous altar of Jiyva.
   762 | D        | Found a burning altar of Makhleb.
   762 | D        | Found a sparkling altar of Nemelex Xobeh.
   762 | D        | Found a sacrificial altar of Ru.
   762 | D        | Found a shimmering blue altar of Sif Muna.
   762 | D        | Found a bloodstained altar of Trog.
   762 | D        | Found an ornate altar of the Wu Jian Council.
   762 | D        | Found a shimmering altar of Xom.
   762 | D        | Found a basalt altar of Yredelemnul.
   763 | D        | Found an iron altar of Okawaru.
   763 | D        | Found a shadowy altar of Dithmenos.
   764 | D        | Found an ancient bone altar of Kikubaaqudgha.
   764 | D        | Found a hide-covered altar of Uskayaw.
   765 | D        | Found a stormy altar of Qazlal.
   766 | D        | Found a corrupted altar of Lugonu.
   766 | D        | Found a radiant altar of Vehumet.
   777 | D        | Reached XP level 5. HP: 47/47 MP: 5/5
   921 | D        | Killed from afar by an oklob sapling wizard

Illustrated notes

Levels and vault maps discovered:
D:        dungeon_sprint_fedhas [sprint_temple]

Skill      XL: |  1  2  3  4 |
---------------+-------------+-----
Polearms       | 3 4 5 6 |  6.6
Armour         | 2 3 |  3.2
Dodging        | 2 3 |  3.7
Fighting       | 4 6 |  6.8
Evocations     | |  0.5

Action                     |  1- 3 |  4- 6 || total
---------------------------+-------+-------++-------
  Melee: Spear             |    20 |    16 ||    36
         Kick              |     4 |     8 ||    12
         Punch             |     1 |     3 ||     4
 Invoke: Berserk           |     2 |     2 ||     4
Ability: Evoke Invisibilit |       |     1 ||     1
 Armour: Animal skin       |     1 |       ||     1
  Dodge: Dodged            |     9 |       ||     9
